 Dungeon Crawl Stone Soup version 0.31-a0-1300-gb6740aa4e6 (webtiles) character file.

Game seed: 17628155442232993145

16799 Sabo the Cleaver (level 12, -14/84 HPs)
             Began as a Gargoyle Monk on Dec 17, 2023.
             Was an Elder of Ashenzari.
             Killed from afar by a kobold blastminer (34 damage)
             ... with an iron shot
             ... on level 2 of the Orcish Mines on Dec 18, 2023.
             The game lasted 01:15:37 (11040 turns).

Sabo the Cleaver (Gargoyle Monk)                   Turns: 11040, Time: 01:15:37

Health: -14/84     AC: 31    Str: 23    XL:     12   Next: 41%
Magic:  12/12      EV:  9    Int: 12    God:    Ashenzari [****..]
Gold:   765        SH:  5    Dex: 14    Spells: 11/11 levels left

rFire   . . .        u - +9 battleaxe of the Tethered Dismay {protect, Cun, Range} (curse)
rCold   . . .        (shield currently unavailable)
rNeg    + + .        x - +0 plate armour
rPois   ∞            J - +0 helmet
rElec   +            c - +2 cloak "Visionary Levity" {Elem, Range} (curse)
rCorr   .            t - +2 pair of gloves of the Fated Bitterness {Dev, Elem} (curse)
SInv    +            (no boots)
Will    .....        o - amulet "Thunder Perfect Mind" {Reflect Slay+5 SH+5 SInv, Fort, Bglg} (curse) Stlth
                     z - ring of Ashenzari's Irritation {Str+6, Comp, Elem} (curse)
HPRegen 0.34/turn    B - ring of positive energy
MPRegen 0.13/turn

%: reflection, clarity
@: no status effects
A: sickness immunity, AC +8, negative energy resistance 1, electricity
resistance, torment resistance 1, petrification resistance, talons 1, robust 1
a: Renounce Religion, Curse Item, Shatter the Chains


You were on level 2 of the Orcish Mines.
You worshipped Ashenzari.
Ashenzari was greatly pleased with you.
You visited 3 branches of the dungeon, and saw 14 of its levels.
You also visited: Ossuary.

You collected 830 gold pieces.
You spent 65 gold pieces at shops.

Inventory:

Hand Weapons
 b - a +0 shortbow
 i - a +3 long sword of freezing
 j - a +0 arbalest
 u - the cursed +9 battleaxe of the Tethered Dismay (weapon) {protect, Cun, Range}
   (You took it off a wight on level 6 of the Dungeon)

   It has a curse which improves the following skills: Cunning: Dodging and
   Stealth.
   Ranged Combat: Ranged Weapons and Throwing.
 w - a +3 mace
 A - a +3 hand axe of flaming
 I - a +1 halberd of flaming
 K - a +4 dagger of chaos
 L - a +5 trident of freezing
 M - a +2 scimitar of holy wrath
Missiles
 a - a curare-tipped dart
 e - 6 atropa-tipped darts
 m - 11 boomerangs
 E - 35 poisoned darts
Armour
 c - the cursed +2 cloak "Visionary Levity" (worn) {Elem, Range}
   (You found it on level 11 of the Dungeon)

   It has a curse which improves the following skills: Elements: Fire Magic, Ice
   Magic, Air Magic and Earth Magic.
   Ranged Combat: Ranged Weapons and Throwing.
 d - an orb of light
 t - the cursed +2 pair of gloves of the Fated Bitterness (worn) {Dev, Elem}
   (You found it on level 4 of the Dungeon)

   It has a curse which improves the following skills: Devices: Evocations and
   Shapeshifting.
   Elements:  Fire Magic, Ice Magic, Air Magic and Earth Magic.
 x - a +0 plate armour (worn)
 J - a +0 helmet (worn)
Jewellery
 o - the cursed amulet "Thunder Perfect Mind" (around neck) {Reflect Slay+5 SH+5 SInv, Fort, Bglg}
   (You found it on level 3 of the Dungeon)

   [amulet of reflection]

   Reflect:   It reflects blocked missile attacks.
   Slay+5:    It affects your accuracy & damage with ranged weapons and melee
   (+5).
   SInv:      It lets you see invisible.
   SH+5:      It affects your SH (+5).
   It has a curse which improves the following skills: Fortitude: Armour and
   Shields.
   Beguiling: Conjurations, Hexes and Translocations.
 y - a ring of ice
 z - the cursed ring of Ashenzari's Irritation (left hand) {Str+6, Comp, Elem}
   (You found it on level 6 of the Dungeon)

   [ring of strength]

   Str+6:     It affects your strength (+6).
   It has a curse which improves the following skills: Companions: Summonings
   and Necromancy.
   Elements:  Fire Magic, Ice Magic, Air Magic and Earth Magic.
 B - a ring of positive energy (right hand)
 D - a ring of protection from fire
 G - a ring of flight
Wands
 p - a wand of paralysis (13)
 H - a wand of flame (15)
Scrolls
 f - a scroll of enchant weapon
 g - 5 scrolls of revelation
 h - 4 scrolls of teleportation
 k - 3 scrolls of poison
 l - a scroll of fear
 n - a scroll of blinking
 r - 6 scrolls of fog
Potions
 q - 3 potions of curing
 s - 4 potions of cancellation
 v - a potion of haste
 C - 4 potions of ambrosia
 F - 4 potions of mutation
 N - a potion of enlightenment


   Skills:
 + Level 9.7 Fighting
 + Level 14.6 Axes
 + Level 8.1(10.0) Armour
 + Level 3.7(5.4) Dodging
 + Level 1.0(2.1) Stealth
 + Level 3.8(5.5) Shields


You had 11 spell levels left.
You didn't know any spells.
Your spell library contained the following spells:

 Spells                   Type           Power      Damage    Failure   Level
 Apportation              Tloc           0%         N/A       98%         1
 Magic Dart               Conj           0%         1d3       98%         1
 Sandblast                Erth           2%         2d4       98%         1
 Jinxbite                 Hex            0%         N/A       99%         2
 Lesser Beckoning         Tloc           0%         N/A       99%         2
 Passwall                 Tmut/Erth      0%         N/A       99%         2
 Searing Ray              Conj           0%         2d4       99%         2
 Gell's Gravitas          Tloc           0%         N/A       100%        3
 Ignite Poison            Fire/Tmut/Pois 0%         N/A       100%        3
 Stone Arrow              Conj/Erth      0%         3d7       100%        3
 Teleport Other           Tloc           0%         N/A       100%        3
 Brom's Barrelling Bould  Conj/Erth      0%         2d3       100%        4
 Fulminant Prism          Conj/Hex       0%         3d5       100%        4
 Sticky Flame             Conj/Fire      0%         2d3       100%        4
 Vhi's Electric Charge    Tloc/Air       0%         N/A       100%        4
 Alistair's Intoxication  Tmut/Pois      0%         N/A       100%        5
 Arcjolt                  Conj/Air       0%         1d10      100%        5
 Iskenderun's Battlesphe  Conj           0%         2d6       100%        5
 Bombard                  Conj/Erth      0%         9d1       100%        6
 Spellforged Servitor     Conj/Summ      0%         N/A       100%        7
 Ignition                 Fire           0%         3d3       100%        8
 Maxwell's Capacitive Co  Air            0%         ∞         100%        8


Dungeon Overview and Level Annotations

Branches:
Dungeon (11/15)            Temple (1/1) D:4            Lair (0/5) D:11
    Orc (2/2) D:9         Ossuary (visited)
    Elf: Orc:2

Altars:
Ashenzari
Cheibriados
Elyvilon
Fedhas
Gozag
Hepliaklqana
Makhleb
Nemelex Xobeh
Okawaru
Qazlal
Ru
Sif Muna
Trog
Uskayaw
Vehumet
Wu Jian
Xom
Yredelemnul
Zin
The Shining One

Shops:
D:9 ?   Orc:2 =[*


Innate Abilities, Weirdness & Mutations

You are immune to sickness and miasma.
Your stone body is resilient. (AC +8)
You are immune to poison.
You resist negative energy. (rN+)
You are resistant to electric shocks. (rElec)
You are resistant to unholy torment.
You are immune to petrification.
You have sharp toenails.
You are robust. (+10% HP)


Message History

The kobold blastminer is severely wounded.
You closely miss the kobold blastminer.
The kobold blastminer blasts its cannon at you.
The iron shot hits you.
* * * LOW HITPOINT WARNING * * *
The kobold blastminer hits you but does no damage.
You barely miss the kobold blastminer.
The kobold blastminer is severely wounded.
You barely miss the kobold blastminer.
You block the kobold blastminer's attack.
The kobold blastminer unwields a +0 arbalest.
The kobold blastminer barely misses you.
You completely miss the kobold blastminer.
The kobold blastminer is severely wounded.
You slash the kobold blastminer!
The kobold blastminer hits you but does no damage.
You barely miss the kobold blastminer. Your kick misses the kobold blastminer.
The kobold blastminer is severely wounded.
You hit the kobold blastminer.
The kobold blastminer hits you but does no damage.
The kobold blastminer barely misses you.
You slice the kobold blastminer!!
You kill the kobold blastminer!
You barely miss the kobold blastminer.
The kobold blastminer blasts its cannon at you.
The iron shot hits you!!
* * * LOW HITPOINT WARNING * * *
You are confused.
You feel invigorated.
The kobold blastminer completely misses you.
The kobold blastminer wields a +0 arbalest.
The kobold blastminer shoots a bolt.
The bolt hits you but does no damage.
You bump into the stone wall.
The kobold blastminer bats away at the thin smoke enveloping its cannon.
The kobold blastminer shoots a bolt.
The bolt closely misses you.
You feel less invigorated.
You feel less confused.
The kobold blastminer blasts its cannon at you.
The iron shot hits you!!
You die...

,.......).).........#....#*
,.........).............#..
,.......................#..
,...................#......
,....<.............#.......
,..........................
,........######........,,,,
,........#..K_#.....##.,
*........'@.)8#......#*,
*........######.......#*
*.........,,,,....##...*
*..........,,,...##,..#,
,...........,,....**,#.,
,..#.#.##..#.,,,,,*****,
*.#####**####.**,** ***
*##***


You could see a kobold blastminer.

Vanquished Creatures
  2 boulder beetles
  4 two-headed ogres
  An ugly thing (D:9)
  A cyclops (D:11)
  7 kobold blastminers
  A cane toad (shapeshifter) (D:10)
  Maggie (D:8)
  Psyche (D:8)
  A queen bee (D:11)
  A troll (D:11)
  2 hornets
  2 wyverns (D:8)
  A water elemental (D:11)
  A shadow (D:9)
  5 yaks (D:9)
  2 wraiths (D:11)
  A steam dragon (D:6)
  4 vampire mosquitoes (D:9)
  A water moccasin (D:7)
  4 orc warriors
  4 black bears
  2 sky beasts
  3 ogres (Orc:2)
  2 centaurs
  4 wolves (D:11)
  A phantom (D:5)
  6 kobold brigands
  An elf zombie (Ossuary)
  2 scorpions
  3 bullfrogs
  A gnoll sergeant (D:9)
  14 wights
  26 killer bees
  8 howler monkeys
  4 electric eels (D:11)
  3 centaur zombies (Ossuary)
  A human zombie (Ossuary)
  5 jellies
  A gnoll bouda (D:8)
  6 orc priests
  4 hounds
  3 sleepcaps
  Ijyb (D:4)
  3 iguanas (D:6)
  5 orc wizards
  Natasha (D:3)
  2 ogre zombies (Ossuary)
  7 mummies (Ossuary)
  15 gnolls
  9 adders
  3 shadow imps
  2 white imps
  2 ufetubi (D:5)
  2 adder zombies (Ossuary)
  A worm (D:3)
  4 dart slugs
  26 orcs
  9 bats
  9 endoplasms
  4 giant cockroaches
  19 goblins
  7 hobgoblins
  6 jackals
  25 kobolds
  3 quokkas
  6 ball pythons
  4 frilled lizards (D:1)
  A gnoll zombie (Ossuary)
  3 goblin zombies (Ossuary)
  3 hobgoblin zombies (Ossuary)
  2 kobold zombies (Ossuary)
  5 quokka zombies (Ossuary)
  2 rats (D:1)
  7 rat zombies (Ossuary)
345 creatures vanquished.

Vanquished Creatures (others)
  An orc priest (Orc:1)
  2 kobolds (D:8)
3 creatures vanquished.

Grand Total: 348 creatures vanquished

Notes
Turn   | Place    | Note
-------+----------+-------------------------------------------
     0 | D:1      | Sabo the Gargoyle Monk began the quest for the Orb.
     0 | D:1      | Reached XP level 1. HP: 14/14 MP: 1/1
   144 | D:1      | Reached XP level 2. HP: 19/19 MP: 2/2
   232 | D:1      | Reached skill level 3 in Axes
   320 | D:1      | Reached XP level 3. HP: 22/24 MP: 3/3
   541 | D:1      | Found a faded altar of an unknown god.
  1104 | D:2      | Reached XP level 4. HP: 29/29 MP: 4/4
  1488 | D:3      | Noticed a centaur
  1511 | D:3      | Killed a centaur
  1512 | D:3      | Reached skill level 4 in Axes
  1512 | D:3      | Reached skill level 1 in Armour
  1512 | D:3      | Reached XP level 5. HP: 30/33 MP: 5/5
  1610 | D:3      | Noticed Natasha
  1618 | D:3      | Killed Natasha
  1655 | D:3      | Found a glowing golden altar of the Shining One.
  1836 | D:3      | Identified the amulet "Fotoyt" {Reflect Slay+5 SH+5 SInv}
  2206 | D:4      | Noticed Ijyb
  2210 | D:4      | Paralysed by Ijyb for 5 turns
  2221 | D:4      | Paralysed by Ijyb for 3 turns
  2225 | D:4      | Paralysed by Ijyb for 2 turns
  2229 | D:4      | Paralysed by Ijyb for 5 turns
  2236 | D:4      | Killed Ijyb
  2237 | D:4      | Reached XP level 6. HP: 37/39 MP: 6/6
  2457 | D:4      | Found a staircase to the Ecumenical Temple.
  2463 | Temple   | Entered the Ecumenical Temple
  2679 | Temple   | Became a worshipper of Ashenzari the Shackled
  3103 | D:4      | Reached skill level 5 in Axes
  3370 | D:5      | Entered Level 5 of the Dungeon
  3371 | D:5      | Found a sand-covered staircase.
  3421 | Ossuary  | Entered an ossuary
  3646 | Ossuary  | Reached XP level 7. HP: 28/44 MP: 7/7
  3650 | Ossuary  | HP: 2/44 [mummy (12)]
  4086 | Ossuary  | Reached * piety under Ashenzari
  4222 | Ossuary  | Reached skill level 6 in Axes
  4355 | Ossuary  | Reached skill level 5 in Fighting
  4655 | D:5      | Reached XP level 8. HP: 41/49 MP: 8/8
  4708 | D:5      | Reached skill level 7 in Axes
  5026 | D:5      | Found a hide-covered altar of Uskayaw.
  5249 | D:6      | Upgraded the game from 0.31-a0-1278-g11c5b68f87 to
                  | 0.31-a0-1300-gb6740aa4e6
  5619 | D:6      | Reached skill level 8 in Axes
  5975 | D:6      | Found a sparkling altar of Nemelex Xobeh.
  6029 | D:6      | Reached XP level 9. HP: 54/54 MP: 9/9
  6043 | D:6      | Found a white marble altar of Elyvilon.
  6190 | D:6      | Reached ** piety under Ashenzari
  6198 | D:6      | Reached skill level 5 in Armour
  6324 | D:7      | Reached skill level 9 in Axes
  6375 | D:7      | Reached *** piety under Ashenzari
  7142 | D:7      | Gained mutation: You are clumsy. (Dex -2) [potion of
                  | mutation]
  7142 | D:7      | Gained mutation: You are occasionally teleported next to
                  | monsters. [potion of mutation]
  7142 | D:7      | Gained mutation: You passively map a small area around you.
                  | [potion of mutation]
  7143 | D:7      | Lost mutation: You passively map a small area around you.
                  | [potion of mutation]
  7143 | D:7      | Lost mutation: You are occasionally teleported next to
                  | monsters. [potion of mutation]
  7143 | D:7      | Lost mutation: You are clumsy. (Dex -2) [potion of
                  | mutation]
  7143 | D:7      | Gained mutation: You have a pair of small antennae on your
                  | head. [potion of mutation]
  7143 | D:7      | Gained mutation: You expend magic power (3 MP) to
                  | strengthen your wands. [potion of mutation]
  7144 | D:7      | Lost mutation: You expend magic power (3 MP) to strengthen
                  | your wands. [potion of mutation]
  7144 | D:7      | Lost mutation: You have a pair of small antennae on your
                  | head. [potion of mutation]
  7144 | D:7      | Gained mutation: You are robust. (+10% HP) [potion of
                  | mutation]
  7144 | D:7      | Gained mutation: You have sharp toenails. [potion of
                  | mutation]
  7239 | D:8      | You fall into a shaft and drop 3 floors!
  7271 | D:11     | Reached **** piety under Ashenzari
  7279 | D:11     | Identified the +2 dagger "Waohaoczull" {heavy, *Rage +Blink
                  | rC+ Int+3}
  7279 | D:11     | Noticed a queen bee
  7291 | D:11     | Killed a queen bee
  7292 | D:11     | Reached skill level 1 in Stealth
  7292 | D:11     | Reached skill level 1 in Shields
  7301 | D:11     | Reached skill level 10 in Axes
  7325 | D:11     | Reached XP level 10. HP: 50/67 MP: 10/10
  7502 | D:11     | Noticed a cyclops
  7507 | D:11     | Killed a cyclops
  7518 | D:11     | Reached skill level 11 in Axes
  7541 | D:11     | Found a staircase to the Lair.
  7746 | D:10     | Entered Level 10 of the Dungeon
  7777 | D:10     | Noticed a cane toad
  7778 | D:10     | Noticed a two-headed ogre
  7784 | D:10     | Noticed a boulder beetle
  7786 | D:10     | Killed a two-headed ogre
  7787 | D:10     | Reached skill level 12 in Axes
  7788 | D:10     | Killed a cane toad
  7791 | D:10     | Reached XP level 11. HP: 74/74 MP: 11/11
  7835 | D:10     | Killed a boulder beetle
  8148 | D:9      | Found a basalt altar of Yredelemnul.
  8321 | D:9      | Noticed a two-headed ogre
  8326 | D:9      | Killed a two-headed ogre
  8389 | D:8      | Found a bloodstained altar of Trog.
  8466 | D:8      | Noticed a boulder beetle
  8475 | D:8      | Noticed Maggie
  8476 | D:8      | Reached skill level 13 in Axes
  8523 | D:8      | Killed Maggie
  8532 | D:8      | Killed a boulder beetle
  8991 | D:8      | Noticed Psyche
  8998 | D:8      | Killed Psyche
  9345 | D:9      | Noticed a two-headed ogre
  9349 | D:9      | Killed a two-headed ogre
  9521 | D:9      | Noticed a purple ugly thing
  9528 | D:9      | Killed a purple ugly thing
  9582 | D:9      | Found a hazy altar of Hepliaklqana.
  9661 | D:9      | Found Noxocsat's Magic Scroll Shoppe.
  9673 | D:9      | Bought a scroll of teleportation for 39 gold pieces
  9784 | D:9      | Found a snail-covered altar of Cheibriados.
  9881 | D:9      | Reached XP level 12. HP: 83/83 MP: 12/12
  9983 | D:9      | Found a staircase to the Orcish Mines.
 10112 | D:9      | Found an opulent altar of Gozag.
 10196 | Orc:1    | Entered Level 1 of the Orcish Mines
 10234 | Orc:1    | Noticed a two-headed ogre
 10243 | Orc:1    | Killed a two-headed ogre
 10244 | Orc:1    | Reached skill level 14 in Axes
 10694 | Orc:2    | Entered Level 2 of the Orcish Mines
 10694 | Orc:2    | Found Xaehul's Assorted Antiques.
 10704 | Orc:2    | Bought a ruby potion for 26 gold pieces
 10707 | Orc:2    | Found Zaypsozu's Armour Shop.
 10830 | Orc:2    | Found Otsek's Jewellery Shoppe.
 11036 | Orc:2    | HP: 4/84 [kobold blastminer/iron shot (20)]
 11040 | Orc:2    | Killed from afar by a kobold blastminer

Illustrated notes

Levels and vault maps discovered:
D:1:      lemuel_arrival_rhombus, layout_loops_ring,
          dreamdust_ecumenical_altar_statues, chequers_serial_rivers_marsh,
          minmay_misc_feat_nine_boxes
D:2:      layout_rooms
D:3:      layout_rooms, mainiacjoe_overflow_alcove_4, minivault_24,
          hangedman_decor_push, uniq_natasha
D:4:      kennysheep_goblin_castle, layout_gridville, temple_green,
          corner_web_ring
D:5:      layout_cave_pools, lemuel_round_altar, nicolae_ossuary_entry_monument,
          st_stairs_7
D:6:      kennysheep_spiral_hall, layout_basic, elyvilon_altar_4,
          nemelex_altar_shiori, kennysheep_cluttered_room
D:7:      layout_loops_cross
D:8:      layout_loops_cross, trog_ov_bears_minmay,
          chequers_serial_rivers_large_b, grunt_potential, uniq_psyche,
          uniq_maggie
D:9:      layout_roguey, mainiacjoe_overflow_concentric_impassable,
          grunt_gozag_breadcrumbs, mainiacjoe_overflow_catch_the_wave,
          serial_shops, nicolae_lakefront_shop
D:10:     layout_roguey, tgw_kikubaaqudgha, kennysheep_little_box,
          minmay_chambers_of_fives
D:11:     layout_roguey [special_room_bee], erik_lair_island, serial_curves,
          eino_curves_04, eino_curves_02
Temple:   nicolae_temple_bog_church
Orc:1:    layout_caves
Orc:2:    grunt_orc_community_town_hall, layout_caves,
          grunt_orc_community_big_house_1, grunt_orc_community_big_house_2,
          grunt_orc_community_house_3, grunt_orc_community_house_3,
          grunt_orc_community_house_2, grunt_orc_community_house_2,
          grunt_orc_community_house_2, serial_shops,
          nicolae_shop_industrial_runoff, shop, nicolae_shop_just_a_little_nook,
          shop, basic_altar, elf_legates

Skill      XL: |  1  2  3  4  5  6  7  8  9 10 11 12 |
---------------+-------------------------------------+-----
Axes           | 3 4 5 6 8 10 12 13 14 | 14.6
Dodging        | 3 |  3.7
Fighting       | 4 5 6 7 9 |  9.7
Armour         | 1 2 3 4 6 7 8 |  8.1
Stealth        | 1 |  1.0
Shields        | 1 2 3 |  3.8

Action                     |  1- 3 |  4- 6 |  7- 9 | 10-12 || total
---------------------------+-------+-------+-------+-------++-------
  Melee: Hand axe          |   107 |   180 |   181 |       ||   468
         Battleaxe         |       |       |    86 |   286 ||   372
         Kick              |       |       |     6 |    89 ||    95
 Invoke: Curse Item        |       |     1 |     4 |       ||     5
    Use: Scroll            |       |     5 |     9 |       ||    14
         Potion            |       |     1 |     4 |     6 ||    11
 Armour: Leather armour    |    48 |       |       |       ||    48
         Chain mail        |    13 |   173 |       |       ||   186
         Plate armour      |       |    40 |   281 |   315 ||   636
  Dodge: Dodged            |    85 |   100 |    95 |   135 ||   415
  Block: Other             |       |       |    23 |    68 ||    91
         Reflection        |       |       |       |     9 ||     9

Table legend: (Time is in decaauts)
 A = Elapsed time spent in this place.
 B = Non-inter-level travel time spent in this place.
 C = Inter-level travel time spent in this place.
 D = Time resting spent in this place.
 E = Time spent auto-exploring this place.
 F = Levels seen in this place.
 G = Mean time per level.
                   A        B        C        D        E       F      G
               +--------+--------+--------+--------+--------+-----+--------+
         Total |  11164 |  11160 |      4 |   1792 |      0 |  15 |  744.3 |
       Dungeon |   9016 |   9012 |      4 |   1048 |      0 |  11 |  819.6 |
        Temple |    267 |    267 |      0 |      0 |      0 |   1 |  267.0 |
  Orcish Mines |    842 |    842 |      0 |    284 |      0 |   2 |  421.0 |
       Ossuary |   1038 |   1038 |      0 |    460 |      0 |   1 | 1038.0 |
               +--------+--------+--------+--------+--------+-----+--------+

Top non-repeatable levels by time:
     D:9: 1170 daAuts
     D:4: 1118 daAuts
     D:8: 1105 daAuts
 Ossuary: 1038 daAuts
     D:6: 1014 daAuts
     D:1: 970 daAuts
     D:7: 918 daAuts
     D:5: 823 daAuts
     D:3: 619 daAuts
    D:11: 531 daAuts
   Orc:1: 497 daAuts
     D:2: 449 daAuts
   Orc:2: 344 daAuts
    D:10: 295 daAuts
  Temple: 267 daAuts
